 Dungeon Crawl Stone Soup version 0.30.1-3-gfc49f6343a (webtiles) character file.

Game seed: 13666093638879735595

533 Peloso the Slasher (level 7, -2/64 HPs)
             Began as a Minotaur Fighter on Aug 1, 2023.
             Slain by a gnoll bouda
             ... wielding a +0 whip
              (6 damage)
             ... on level 4 of the Dungeon.
             The game lasted 00:07:04 (3519 turns).

Peloso the Slasher (Minotaur Fighter)               Turns: 3519, Time: 00:07:05

Health: -2/64      AC:  3    Str: 21    XL:     7   Next: 4%
Magic:  6/6        EV: 11    Int:  5    God:
Gold:   149        SH:  5    Dex: 11    Spells: 6/6 levels left

rFire   . . .        a - +0 long sword
rCold   . . .        c - +0 buckler
rNeg    . . .        b - +0 scale mail
rPois   .            (helmet restricted)
rElec   .            (no cloak)
rCorr   .            (no gloves)
SInv    .            (no boots)
Will    .....        (no amulet) Stlth
                     (no ring)
HPRegen 0.30/turn    (no ring)
MPRegen 0.10/turn

%: no passive effects
@: weakened, corroded
A: horns 2, retaliatory headbutt
a: no special abilities


You were on level 4 of the Dungeon.
You visited 1 branch of the dungeon, and saw 5 of its levels.

You collected 149 gold pieces.

Inventory:

Hand Weapons
 a - a +0 long sword (weapon)
Armour
 b - a +0 scale mail (worn)
 c - a +0 buckler (worn)
Jewellery
 p - a ring of fire
Wands
 h - a wand of iceblast (12)
Scrolls
 e - 3 scrolls of teleportation
 j - a scroll of poison
 l - a scroll of magic mapping
 n - a scroll of fear {unknown}
 o - a scroll of amnesia {unknown}
 q - a scroll of noise {unknown}
Potions
 d - a potion of might
 f - a potion of invisibility
 g - a potion of lignification
 i - 2 potions of heal wounds
 k - 2 potions of brilliance
 m - 3 potions of ambrosia {unknown}


   Skills:
 + Level 6.7 Fighting
 + Level 7.4 Long Blades
 + Level 6.7 Armour
 + Level 4.2 Dodging
 + Level 0.1 Stealth
 + Level 6.5 Shields


You had 6 spell levels left.
You didn't know any spells.
Your spell library contained the following spells:

 Spells                   Type           Power      Damage    Failure   Level
 Necrotise                Necr           0%         1d4       85%         1
 Call Canine Familiar     Summ           0%         N/A       99%         3
 Portal Projectile        Hex/Tloc       0%         N/A       99%         3
 Vampiric Draining        Necr           0%         2d6       99%         3
 Leda's Liquefaction      Hex/Erth       0%         N/A       100%        4
 Agony                    Necr           0%         N/A       100%        5


Dungeon Overview and Level Annotations

Branches:
Dungeon (5/15)
 Temple: D:4-7

Altars:
Zin


Innate Abilities, Weirdness & Mutations

You have a pair of horns on your head.
You reflexively headbutt those who attack you in melee.


Message History

Things that are here:
a +0 flail; a throwing net The gnoll bouda barks out a call to the hunt!
The gnoll picks up the pace!
You see here a throwing net.
The gnoll bouda zaps a wand.
The bolt of acid hits you!!
There is a stone staircase leading up, spattered with blood here.
The gnoll hits you from afar with a +0 spear.
The gnoll closely misses you.
The gnoll bouda gazes fiercely through you!
You feel as though you will be weak longer.
There is a stone staircase leading up, spattered with blood here.
You block the gnoll's attack.
The gnoll hits you from afar with a +0 spear.
The gnoll bouda misses you. You furiously retaliate!
You headbutt the gnoll bouda.
You climb upwards.
There is a stone staircase leading down here.
You barely miss the gnoll bouda.
The gnoll bouda is moderately wounded.
You block the gnoll bouda's attack.
You hit the gnoll bouda.
The gnoll bouda is moderately wounded.
The gnoll bouda zaps a wand.
The bolt of acid hits you! The acid corrodes you!
You closely miss the gnoll bouda.
The gnoll bouda is moderately wounded.
The gnoll bouda hits you with a +0 whip!
* * * LOW HITPOINT WARNING * * *
You hit the gnoll bouda but do no damage.
The gnoll bouda is moderately wounded.
You block the gnoll bouda's attack.
You hit the gnoll bouda but do no damage.
You headbutt the gnoll bouda.
The gnoll bouda is heavily wounded.
The gnoll bouda hits you with a +0 whip!
* * * LOW HITPOINT WARNING * * *
You closely miss the gnoll bouda. Your headbutt misses the gnoll bouda.
The gnoll bouda is heavily wounded.
The gnoll bouda hits you with a +0 whip.
You die...

##### ##...##
###.....##
#........## ###
##### #.........##
##.# <...###
#..........## ##.#.
......#
#...........###.###
###.#.####
#g@).....###.#...#.
# #......#
#........# #....#.#
#####.##.#
#.##...#.###.#...#.
......##.#
#)###.###...###.#.#
###.#....# #.# #.#
#.### #.###
#...####
#.###.###.# #.#
##.## #.........#
##'## #.#
#.###.###.# ##...##
#.## #.# #.#
#.###.....#


You could see a gnoll bouda.

Vanquished Creatures
  An ogre (D:4)
  A phantom (D:4)
  A howler monkey (D:4)
  An orc priest (D:4)
  Ijyb (D:3)
  Jessica (D:3)
  2 iguanas (D:4)
  Robin (D:4)
  3 gnolls
  3 adders
  An ufetubus (D:4)
  2 worms
  3 dart slugs
  6 orcs
  10 endoplasms
  5 giant cockroaches
  21 goblins
  6 hobgoblins
  4 kobolds
  6 ball pythons
  9 bats
  4 frilled lizards
  5 rats
97 creatures vanquished.

Notes
Turn   | Place    | Note
-------+----------+-------------------------------------------
     0 | D:1      | Peloso the Minotaur Fighter began the quest for the Orb.
     0 | D:1      | Reached XP level 1. HP: 19/19 MP: 0/0
   142 | D:1      | Found a faded altar of an unknown god.
   182 | D:1      | Reached XP level 2. HP: 27/27 MP: 1/1
   722 | D:1      | Reached skill level 5 in Long Blades
   722 | D:1      | Reached XP level 3. HP: 37/37 MP: 2/2
  1018 | D:2      | Reached XP level 4. HP: 44/45 MP: 3/3
  1380 | D:3      | Noticed Ijyb
  1397 | D:3      | Killed Ijyb
  1558 | D:3      | Reached skill level 6 in Long Blades
  1558 | D:3      | Reached XP level 5. HP: 51/51 MP: 4/4
  1714 | D:3      | Noticed Jessica
  1723 | D:3      | Killed Jessica
  2437 | D:4      | Found a glowing silver altar of Zin.
  2437 | D:4      | Noticed an angel
  2480 | D:4      | Noticed a phantom
  2482 | D:4      | Noticed Robin
  2501 | D:4      | Killed a phantom
  2506 | D:4      | Killed Robin
  2507 | D:4      | Reached XP level 6. HP: 52/58 MP: 5/5
  3289 | D:5      | Entered Level 5 of the Dungeon
  3355 | D:4      | Reached skill level 7 in Long Blades
  3359 | D:4      | Reached XP level 7. HP: 25/64 MP: 6/6
  3519 | D:4      | Slain by a gnoll bouda

Illustrated notes

Levels and vault maps discovered:
D:1:      minmay_arrival_solitary_statue, layout_basic,
          chequers_ecumenical_altar_twisty, minmay_circled_x
D:2:      layout_rooms, serial_park_tiny_1, grunt_ministairs_12
D:3:      layout_loops_ring, serial_rivers, chequers_serial_rivers_room_b,
          chequers_serial_rivers_small_3, chequers_serial_rivers_large_a,
          chequers_serial_rivers_micro_b, uniq_jessica, uniq_ijyb
D:4:      layout_loops_corners, zin_angel, kennysheep_generic_room_12,
          uniq_robin
D:5:      wander_guarded_unrand_ratskin, layout_loops_ring, elyvilon_altar_5

Skill      XL: |  1  2  3  4  5  6 |
---------------+-------------------+-----
Fighting       | 6 |  6.7
Long Blades    | 5 6 7 |  7.4
Armour         | 6 |  6.7
Dodging        | 4 |  4.2
Shields        | 6 |  6.5
Stealth        | |  0.1

Action                     |  1- 3 |  4- 6 |  7- 9 || total
---------------------------+-------+-------+-------++-------
  Melee: Long sword        |    68 |   143 |    10 ||   221
         Headbutt          |     3 |    36 |     2 ||    41
    Use: Potion            |     5 |       |       ||     5
         Scroll            |     3 |     5 |       ||     8
 Armour: Scale mail        |    37 |    52 |     1 ||    90
  Dodge: Dodged            |    49 |    77 |     3 ||   129
  Block: Buckler           |    16 |    39 |     3 ||    58
